 Dungeon Crawl Stone Soup version 0.21-a0-84-g85d6d27 (webtiles) character file.

252 sscrono2 the Sneak (level 6, 0/42 HPs)
             Began as an Octopode Assassin on July 2, 2017.
             Succumbed to an adder's poison
             ... in a sewer.
             The game lasted 00:04:50 (3164 turns).

sscrono2 the Sneak (Octopode Assassin)              Turns: 3164, Time: 00:04:50

Health: 0/42       AC:  1    Str: 10    XL:     6   Next: 13%
Magic:  6/6        EV: 13    Int: 14    God:
Gold:   90         SH:  0    Dex: 15    Spells: 5/5 levels left

rFire    . . .     SeeInvis .   a - +2 dagger (holy)
rCold    . . .     Gourm    .   (no shield)
rNeg     . . .     Faith    .   (helmet restricted)
rPois    .         Spirit   .   (no amulet)
rElec    .         Reflect  .   (no ring)
rCorr    .         Harm     .   (no ring)
MR       .....                  (no ring)
Stlth    ++++++....             (no ring)
HPRegen  0.14/turn              (no ring)
MPRegen  0.10/turn              (no ring)
                                (no ring)
                                (no ring)

@: lethally poisoned (0 -> -3)
A: almost no armour, stealthy swim, amphibious, 8 rings, constrict 8, camouflage
1, gelatinous body 1
a: no special abilities


You were in a sewer.
You were hungry.

You visited 1 branch of the dungeon, and saw 4 of its levels.
You also visited: Sewer.

You collected 90 gold pieces.

Inventory:

Hand Weapons
 a - a +2 dagger of holy wrath (weapon)
 b - a +0 blowgun
Missiles
 c - 7 poisoned needles
 d - a curare-tipped needle
Wands
 p - a wand of lightning (6/15)
Scrolls
 e - 2 scrolls of remove curse {unknown}
 h - a scroll of amnesia {unknown}
 k - a scroll of enchant armour {unknown}
 l - a scroll of random uselessness {unknown}
 m - 2 scrolls of teleportation {unknown}
 n - 2 scrolls of identify {unknown}
Potions
 r - 2 potions of brilliance
Comestibles
 f - 3 chunks of flesh
 g - 3 royal jellies
 i - a meat ration


   Skills:
 + Level 3.6 Fighting
 * Level 3.9 Short Blades
 - Level 2.0 Throwing
 - Level 1.0 Dodging
 * Level 7.6 Stealth


You had 5 spell levels left.
You didn't know any spells.

Dungeon Overview and Level Annotations

Branches:
Dungeon (4/15)
 Temple: D:4-7

Altars:
Ru
Trog

Annotations:
D:4 Eustachio


Innate Abilities, Weirdness & Mutations

You cannot wear most types of armour.
You are very stealthy in the water. (Stealth+)
You are amphibious.
You can wear up to eight rings at the same time.
You can use your tentacles to constrict eight enemies at once.
Your skin changes colour to match your surroundings (Stealth+).
Your rubbery body absorbs attacks. (AC +1, EV +1)


Message History

The big kobold throws a stone.
The stone misses you.
You hear a splash.
An adder comes into view.
The adder hisses angrily.
A ball python comes into view.
You miss the adder.
The ball python hisses angrily.
Your grab misses the adder.
You squeeze the adder, but do no damage.
The adder barely misses you.
You hit the adder. You grab the adder.
The adder is lightly wounded.
You constrict the adder. The adder closely misses you. The adder bites you.
* * * LOW HITPOINT WARNING * * *
You are lethally poisoned!
The adder poisons you!
You hit the adder. You squeeze the adder.
The adder is severely wounded.
You constrict the adder.
You die...

.... ......# .. ...≈.#
.... ##S≈≈######
..≈≈##≈≈≈≈≈#≈#≈#
≈≈.≈≈≈≈≈≈≈#≈#≈#
≈≈≈(≈≈≈≈≈≈S#≈#
≈≈≈≈≈≈≈≈≈≈≈≈≈≈≈#@#
≈≈≈≈≈≈≈≈≈≈≈≈≈≈≈≈#≈#
.≈≈≈≈≈≈≈≈≈≈≈≈≈≈#≈#≈# ≈
≈.≈≈≈≈≈≈≈≈≈≈≈≈≈#######≈≈
...≈...≈≈≈≈≈≈≈≈#..#.!#≈≈
........≈..≈≈.K#.....#≈≈
...............))...#
...............#.....#≈≈
...............#..#.!#≈≈


You could see an adder and a ball python.

Vanquished Creatures
  A centaur (D:3)
  6 gnolls
  2 adders
  A river rat (Sewer)
  3 worms
  A leopard gecko (D:1)
  4 orcs (D:3)
  4 giant cockroaches
  6 hobgoblins
  5 jackals
  A quokka (D:3)
  A ball python (D:3)
  13 bats
  5 frilled lizards
  6 goblins
  10 kobolds
  14 rats
83 creatures vanquished.

Notes
Turn   | Place    | Note
-------+----------+-------------------------------------------
     0 | D:1      | sscrono2 the Octopode Assassin began the quest for the Orb.
     0 | D:1      | Reached XP level 1. HP: 14/14 MP: 1/1
    98 | D:1      | Reached XP level 2. HP: 19/19 MP: 2/2
   591 | D:1      | Reached XP level 3. HP: 25/25 MP: 3/3
  1002 | D:2      | Reached skill level 6 in Stealth
  1284 | D:2      | Reached XP level 4. HP: 29/30 MP: 4/4
  1597 | D:2      | Noticed a moth of wrath
  1601 | D:2      | Found a bloodstained altar of Trog.
  2200 | D:3      | Reached XP level 5. HP: 22/36 MP: 5/5
  2546 | D:3      | Reached skill level 7 in Stealth
  2643 | D:3      | Found a sacrificial altar of Ru.
  2652 | D:3      | Noticed a centaur
  2676 | D:3      | Killed a centaur
  2676 | D:3      | Reached XP level 6. HP: 22/42 MP: 6/6
  3065 | D:4      | Noticed Eustachio
  3084 | D:4      | Found a glowing drain.
  3098 | Sewer    | Entered a sewer
  3154 | Sewer    | HP: 2/42 [big kobold/whip (4)]
  3163 | Sewer    | HP: 1/42 [adder (2)]
  3164 | Sewer    | Succumbed to an adder's poison

Vault maps used:
D:1:      dpeg_arrival_water_temple_mockup, kennysheep_small_spiral
D:2:      tgw_trog
D:3:      minmay_hedge_maze, nicolae_ru_sacrificial_ziggurat
D:4:      nicolae_overflow_hidden_temple, okawaru_metal_pillars_3,
          portal_sewer_entry_b, serial_shops, shop, bloody_makhleb, uniq_edmund,
          uniq_crazy_yiuf_cottage, uniq_blork_the_orc, uniq_eustachio,
          uniq_duvessa
Sewer:    sewer_minmay_treatment

Skill      XL: |  1  2  3  4  5 |
---------------+----------------+-----
Stealth        | 6 7 |  7.6
Fighting       | 3 |  3.6
Short Blades   | 3 |  3.9
Throwing       | |  2.0
Dodging        | |  1.0

Action                   |  1- 3 |  4- 6 || total
-------------------------+-------+-------++-------
Melee: Dagger            |    40 |   134 ||   174
       Constrict         |     6 |    25 ||    31
       Tentacles         |     4 |    26 ||    30
 Fire: Blowgun           |    10 |     5 ||    15
Evoke: Wand              |       |     3 ||     3
  Use: Potion            |     1 |     6 ||     7
 Stab: Sleeping          |    11 |    15 ||    26
       Distracted        |       |     1 ||     1
  Eat: Bread ration      |     1 |       ||     1
       Chunk             |       |     2 ||     2
Armor: Skin              |     3 |    17 ||    20
Dodge: Dodged            |    22 |    66 ||    88
